 Dungeon Crawl Stone Soup version 0.30.2 (webtiles) character file.

Game seed: 12147586520873509443

48288 Bediveer the Severer (level 14, -2/135 HPs)
             Began as a Minotaur Fighter on Apr 17, 2024.
             Was an Initiate of Gozag.
             Slain by Rupert
             ... wielding a +2 great mace of venom
              (43 damage)
             ... on level 5 of the Lair of Beasts on Apr 18, 2024.
             The game lasted 03:07:25 (21697 turns).

Bediveer the Severer (Minotaur Fighter)            Turns: 21697, Time: 03:07:25

Health: -2/135     AC: 18    Str: 32    XL:     14   Next: 11%
Magic:  13/13      EV: 13    Int:  5    God:    Gozag
Gold:   1733       SH:  6    Dex:  8    Spells: 13/13 levels left

rFire   + + .        l - +8 whip "Snakebite" {venom, curare, rPois}
rCold   + . .        c - +0 buckler
rNeg    + . .        H - +0 plate armour
rPois   +            R - -2 hat of the Alchemist {rElec rPois rF+ rC+ rN+ Will+ rMut rCorr}
rElec   +            q - +0 cloak
rCorr   +            G - +0 pair of gloves
SInv    .            (no boots)
Will    ++...        (no amulet) Stlth
                     T - +5 ring of evasion
HPRegen 0.42/turn    P - +6 ring of strength
MPRegen 0.13/turn

%: resist mutation
@: lethally poisoned (-2 -> -6), about to teleport
A: horns 2, retaliatory headbutt, clumsy 1, fire resistance 1, screaming 1
a: Renounce Religion, Potion Petition, Call Merchant, Bribe Branch


You were on level 5 of the Lair of Beasts.
You worshipped Gozag.
Gozag was most pleased with you.
You visited 3 branches of the dungeon, and saw 17 of its levels.
You also visited: Bailey.

You collected 4671 gold pieces.
You spent 1317 gold pieces at shops.
You paid 1621 gold pieces to Gozag.

Inventory:

Hand Weapons
 a - a +1 war axe of electrocution
 d - a +3 heavy war axe
 l - the +8 whip "Snakebite" (weapon) {venom, curare, rPois}
   (You found it on level 2 of the Lair of Beasts)

   rPois:     It protects you from poison.
 M - the +5 spear of Raajiune {protect, Str+3}
   (You found it on level 10 of the Dungeon)

   Str:       It affects your strength (+3).
Missiles
 x - 14 poisoned darts
 y - 5 boomerangs
Armour
 c - a +0 buckler (worn)
 q - a +0 cloak (worn)
 G - a +0 pair of gloves (worn)
 H - a +0 plate armour (worn)
 R - the -2 hat of the Alchemist (worn) {rElec rPois rF+ rC+ rN+ Will+ rMut rCorr}
   (You bought it in a shop on level 9 of the Dungeon)

   rF:        It protects you from fire.
   rC:        It protects you from cold.
   rElec:     It insulates you from electricity.
   rPois:     It protects you from poison.
   rN:        It protects you from negative energy.
   rCorr:     It protects you from acid and corrosion.
   rMut:      It protects you from mutation.
   Will:      It increases your willpower.
Jewellery
 g - a ring of protection from cold
 r - a +6 ring of dexterity
 P - a +6 ring of strength (right hand)
 T - a +5 ring of evasion (left hand)
 X - a ring of see invisible
Wands
 e - a wand of polymorph (7)
 n - a wand of mindburst (6)
 B - a wand of flame (24)
 D - a wand of paralysis (3)
 L - a wand of digging (4)
Scrolls
 f - 2 scrolls of teleportation
 k - 5 scrolls of magic mapping
 o - 3 scrolls of enchant weapon
 F - 2 scrolls of fog {unknown}
 I - a scroll of amnesia {unknown}
 K - a scroll of fear {unknown}
 O - 2 scrolls of brand weapon
 Q - a scroll of torment
 U - a scroll of enchant armour {unknown}
Potions
 b - 2 potions of ambrosia {unknown}
 h - 3 potions of curing
 i - 6 potions of flight
 j - a potion of heal wounds
 p - a potion of resistance {unknown}
 v - 3 potions of mutation
 J - 3 potions of attraction {unknown}
 S - 2 potions of cancellation {unknown}
 Z - a potion of haste {unknown}
Miscellaneous
 t - a lightning rod (1/4)


   Skills:
 + Level 15.4 Fighting
 - Level 16.0 Axes
 - Level 3.0 Throwing
 + Level 15.5 Armour
 - Level 12.3 Shields
 + Level 3.4 Evocations


You had 13 spell levels left.
You didn't know any spells.
Your spell library contained the following spells:

 Spells                   Type           Power      Damage    Failure   Level
 Kiss of Death            Conj/Necr      0%         2d5       95%         1
 Necrotise                Necr           0%         1d4       95%         1
 Sandblast                Erth           0%         2d4       95%         1
 Shock                    Conj/Air       0%         1d3       95%         1
 Slow                     Hex            0%         N/A       95%         1
 Passwall                 Tmut/Erth      0%         N/A       99%         2
 Confusing Touch          Hex            0%         N/A       100%        3
 Stone Arrow              Conj/Erth      0%         3d7       100%        3
 Summon Guardian Golem    Hex/Summ       0%         N/A       100%        3
 Swiftness                Air            0%         N/A       100%        3
 Vampiric Draining        Necr           0%         2d6       100%        3
 Airstrike                Air            0%         2d(0-16)  100%        4
 Olgreb's Toxic Radiance  Pois           0%         N/A       100%        4
 Sticky Flame             Conj/Fire      0%         2d3       100%        4
 Summon Ice Beast         Ice/Summ       0%         N/A       100%        4
 Summon Mana Viper        Hex/Summ       0%         N/A       100%        5
 Monstrous Menagerie      Summ           0%         N/A       100%        7
 Orb of Destruction       Conj           0%         9d5       100%        7
 Spellforged Servitor     Conj/Summ      0%         N/A       100%        7
 Discord                  Hex            0%         N/A       100%        8
 Ignition                 Fire           0%         3d3       100%        8
 Necromutation            Tmut/Necr      0%         N/A       100%        8
 Simulacrum               Ice/Necr       Unusable   N/A       N/A         6

Dungeon Overview and Level Annotations

Branches:
Dungeon (11/15)            Temple (1/1) D:7            Lair (5/5) D:9
  Swamp (0/4) Lair:2        Snake (0/4) Lair:3        Slime (0/5) Lair:5
 Bailey (visited)
    Orc: D:9-12

Altars:
Ashenzari
Cheibriados
Dithmenos
Elyvilon
Fedhas
Gozag
Hepliaklqana
Kikubaaqudgha
Makhleb
Nemelex Xobeh
Okawaru
Qazlal
Ru
Sif Muna
Trog
Uskayaw
Vehumet
Wu Jian
Xom
Yredelemnul
Zin
The Shining One
Jiyva

Shops:
D:5 (*=   D:9 [

Portals:
Trove: D:11 (give 2 scrolls of acquirement)

Annotations:
D:3 2 transporters
D:8 3 runed translucent doors, nocore's ghost, novice DgWr
Lair:5 2 runed translucent doors, Rupert


Innate Abilities, Weirdness & Mutations

You have a pair of horns on your head.
You reflexively headbutt those who attack you in melee.
You are clumsy. (Dex -2)
Your flesh is heat resistant. (rF+)
You occasionally shout uncontrollably at your foes.


Message History

The floor.
Aiming: Quicksilver Bolt
Press: ? - help, Q - select action, (/) - cycle Shift-Dir - straight line, f/p - Rupert
Aim: Rupert, wielding a +2 great mace of venom, wearing a +0 ring mail and quivering poisoned darts (lightly wounded, berserk, poisoned, 77% to hit)
The bolt of dispelling energy hits Rupert!
Rupert is moderately wounded.
The now-empty wand crumbles to dust.
You feel very sick. Rupert hits you but does no damage.
You are more poisoned.
Rupert closely misses you.
You barely miss Rupert.
Rupert is moderately wounded.
You feel very sick.
Rupert looks more healthy.
You whack Rupert!
Rupert is poisoned.
Rupert convulses.
Rupert seems to slow down.
Rupert is moderately wounded.
You feel very sick.
Rupert hits you with a +2 great mace of venom.
As you read the scroll of teleportation, it crumbles to dust.
You feel strangely unstable.
You feel very sick.
Rupert hits you with a +2 great mace of venom!
You whack Rupert!
Rupert looks as sick as possible! x2; Rupert convulses.
Rupert seems to be slow for longer.
Rupert is heavily wounded.
You feel sick.
Rupert hits you with a +2 great mace of venom!!
You feel very sick.
You feel sick.
You hear an angry growl.
Your surroundings seem slightly different.
You feel sick.
As you read the scroll of teleportation, it crumbles to dust.
You feel strangely unstable.
You feel sick. Rupert attacks as you move away!
Rupert hits you with a +2 great mace of venom!!!
You die...
Your body crumbles into a pile of gold.

....## #.....#... ...##
#....(#....
....#########......##.#.
....##..##........##....
........................
.................(....(.
..............^$........
...........#....@..###..
...#.P....#.....@..#
...##..#.##......##.# .#
... ##...###.....###...#
... #....#........ ....
.... #.......##...
##.....##.. $ #........#
#.......# ##..
#..#.....<##...+.


You could see Rupert (berserk, extremely poisoned, slow).

Vanquished Creatures
  Josephine (Lair:3)
  4 hydras
  A catoblepas (Lair:5)
  4 two-headed ogres
  A boulder beetle (Lair:5)
  A death yak (Lair:5)
  Urug (D:11)
  Nergalle (Lair:1)
  A skyshark (Lair:5)
  An oklob plant (Lair:5)
  A cyclops (D:11)
  Maurice (D:8)
  8 elephants (Lair:1)
  3 torpor snails
  Joseph (D:7)
  6 black mambas
  12 cane toads
  A gargoyle (D:11)
  Maggie (D:10)
  4 rime drakes
  11 komodo dragons
  3 trolls
  3 hornets
  3 polar bears
  Prince Ribbit (D:7)
  7 dream sheep (Lair:5)
  22 blink frogs
  3 spriggans (Bailey)
  45 yaks
  Sigmund (D:6)
  5 wraiths
  5 wyverns
  A vampire (D:11)
  2 steam dragons
  5 basilisks
  An acid dragon (D:11)
  19 water moccasins
  3 orc warriors
  5 black bears
  4 sky beasts
  2 ice beasts (D:8)
  11 ogres
  3 centaurs
  A phantom (D:3)
  2 kobold brigands
  3 gnoll sergeants
  9 bullfrogs
  2 scorpions (D:5)
  5 wights
  8 killer bees
  2 electric eels (D:11)
  A howler monkey (D:9)
  2 jellies
  3 gnoll boudas
  7 orc priests
  4 hounds
  Crazy Yiuf (D:3)
  5 iguanas
  8 orc wizards
  6 hell rats (Lair:4)
  20 gnolls
  11 adders
  2 shadow imps (D:6)
  A dart slug (D:5)
  34 orcs
  7 ball pythons
  5 endoplasms
  A giant cockroach (D:4)
  6 goblins
  9 hobgoblins
  13 kobolds
  2 quokkas
  2 bats
  4 frilled lizards
  5 rats
410 creatures vanquished.

Vanquished Creatures (collateral kills)
  A steam dragon (D:5)
1 creature vanquished.

Vanquished Creatures (others)
  An orc (D:5)
1 creature vanquished.

Grand Total: 412 creatures vanquished

Notes
Turn   | Place    | Note
-------+----------+-------------------------------------------
     0 | D:1      | Bediveer the Minotaur Fighter began the quest for the Orb.
     0 | D:1      | Reached XP level 1. HP: 19/19 MP: 0/0
   199 | D:1      | Reached XP level 2. HP: 27/27 MP: 1/1
   228 | D:1      | Found a faded altar of an unknown god.
   633 | D:2      | Reached skill level 3 in Axes
   911 | D:2      | Reached XP level 3. HP: 31/33 MP: 2/2
  1068 | D:3      | Noticed a phantom
  1073 | D:3      | Killed a phantom
  1074 | D:3      | Reached XP level 4. HP: 40/41 MP: 3/3
  1288 | D:3      | Reached XP level 5. HP: 47/47 MP: 4/4
  1351 | D:3      | Found a transporter.
  1362 | D:3      | Found a transporter.
  1577 | D:3      | Reached skill level 4 in Axes
  1619 | D:3      | Found a broken altar of Ashenzari.
  1779 | D:3      | Found a runed translucent door.
  1780 | D:3      | Noticed Crazy Yiuf
  1800 | D:3      | Found a sparkling altar of Nemelex Xobeh.
  1921 | D:3      | Killed Crazy Yiuf
  1922 | D:3      | Reached skill level 5 in Armour
  1922 | D:3      | Reached skill level 5 in Shields
  2098 | D:4      | Reached skill level 5 in Fighting
  2198 | D:4      | Reached XP level 6. HP: 55/56 MP: 5/5
  2529 | D:4      | Found a burning altar of Makhleb.
  2532 | D:4      | Noticed a cacodemon
  2535 | D:4      | Found a glowing silver altar of Zin.
  2535 | D:4      | Noticed an angel
  2694 | D:5      | Entered Level 5 of the Dungeon
  2694 | D:5      | Noticed a steam dragon
  2694 | D:5      | Found Todyro's Jewellery Boutique.
  2694 | D:5      | Found Veishis's General Store.
  2694 | D:5      | Found Vareg's Antique Weapon Boutique.
  2851 | D:5      | Reached skill level 5 in Axes
  2851 | D:5      | Reached XP level 7. HP: 53/62 MP: 6/6
  2921 | D:5      | HP: 3/63 [something] (7)]
  3700 | D:5      | Gained mutation: You passively map a small area around you.
                  | [potion of mutation]
  3700 | D:5      | Gained mutation: You are clumsy. (Dex -2) [potion of
                  | mutation]
  3700 | D:5      | Gained mutation: You have an increased reservoir of magic.
                  | (+10% MP) [potion of mutation]
  3700 | D:5      | Gained mutation: You possess an exceptional clarity of
                  | mind. [potion of mutation]
  3704 | D:5      | Killed a steam dragon
  3708 | D:5      | Reached skill level 6 in Axes
  3708 | D:5      | Reached XP level 8. HP: 38/71 MP: 7/7
  3888 | D:5      | Found an iron altar of Okawaru.
  4210 | D:5      | Bought a scroll of blinking for 90 gold pieces
  4537 | D:6      | Noticed Sigmund
  4540 | D:6      | Killed Sigmund
  4937 | D:6      | Reached skill level 7 in Axes
  5337 | D:6      | Reached XP level 9. HP: 66/81 MP: 8/8
  5423 | D:6      | Found a hazy altar of Hepliaklqana.
  5603 | D:7      | Found a staircase to the Ecumenical Temple.
  5648 | Temple   | Entered the Ecumenical Temple
  5703 | Temple   | Became a worshipper of Gozag Ym Sagoz the Greedy
  5816 | D:7      | Noticed Prince Ribbit
  5836 | D:7      | Killed Prince Ribbit
  6241 | D:7      | Reached skill level 8 in Axes
  6579 | D:7      | Noticed Joseph
  6740 | D:7      | Killed Joseph
  7332 | D:8      | Noticed a two-headed ogre
  7341 | D:8      | Killed a two-headed ogre
  7342 | D:8      | Reached skill level 9 in Axes
  7342 | D:8      | Reached XP level 10. HP: 91/91 MP: 10/10
  8048 | D:8      | Noticed Maurice
  8061 | D:8      | Killed Maurice
  8062 | D:8      | Reached skill level 10 in Fighting
  8062 | D:8      | Reached skill level 10 in Armour
  8062 | D:8      | Reached skill level 10 in Shields
  8233 | D:8      | Noticed nocore's ghost (novice DgWr)
  8234 | D:8      | Found a runed translucent gate.
  8237 | D:8      | Found a runed translucent gate.
  8238 | D:8      | Found a runed translucent gate.
  8600 | D:9      | Reached skill level 10 in Axes
  8835 | D:9      | Found a blossoming altar of Fedhas.
  8838 | D:9      | Found a sacrificial altar of Ru.
  8842 | D:9      | Found a snail-covered altar of Cheibriados.
  9186 | D:9      | Paralysed by a hornet for 2 turns
  9298 | D:9      | Noticed a two-headed ogre
  9308 | D:9      | Killed a two-headed ogre
  9424 | D:9      | Found a staircase to the Lair.
  9624 | D:10     | Entered Level 10 of the Dungeon
  9641 | D:10     | Noticed Maggie
  9644 | D:10     | Found a flagged portal.
  9653 | D:10     | Killed Maggie
  9654 | D:10     | Reached XP level 11. HP: 82/97 MP: 11/11
  9664 | D:10     | Identified the +5 spear of Raajiune {protect, Str+3}
  9668 | Bailey   | Entered a bailey
  9889 | Bailey   | Noticed a two-headed ogre
  9899 | Bailey   | Killed a two-headed ogre
 10606 | Bailey   | Identified a scroll of acquirement
 10607 | Bailey   | Acquired 719 gold pieces
 10695 | D:10     | Reached skill level 11 in Axes
 11714 | D:9      | Bought the -2 hat of the Alchemist {rElec rPois rF+ rC+ rN+
                  | Will+ rMut rCorr} for 1227 gold pieces
 11714 | D:9      | Found the -2 hat of the Alchemist {rElec rPois rF+ rC+ rN+
                  | Will+ rMut rCorr}
 12079 | D:10     | Found a glowing golden altar of the Shining One.
 12262 | D:11     | Noticed Urug
 12263 | D:11     | Noticed a two-headed ogre
 12274 | D:11     | Killed a two-headed ogre
 12675 | D:11     | Killed Urug
 13772 | D:11     | Reached skill level 12 in Axes
 13786 | D:11     | Found a portal to a secret trove of treasure.
 14444 | D:11     | Reached XP level 12. HP: 109/113 MP: 12/12
 14694 | Lair:1   | Entered Level 1 of the Lair of Beasts
 14935 | Lair:1   | Reached skill level 13 in Axes
 15023 | Lair:1   | Noticed Nergalle
 15033 | Lair:1   | Killed Nergalle
 15202 | Lair:1   | Reached skill level 14 in Axes
 16255 | Lair:2   | Lost mutation: You are clumsy. (Dex -2) [potion of
                  | mutation]
 16255 | Lair:2   | Lost mutation: You passively map a small area around you.
                  | [potion of mutation]
 16255 | Lair:2   | Lost mutation: You possess an exceptional clarity of mind.
                  | [potion of mutation]
 16255 | Lair:2   | Gained mutation: You are clumsy. (Dex -2) [potion of
                  | mutation]
 16255 | Lair:2   | Gained mutation: You are covered in fur. (AC +1) [potion of
                  | mutation]
 16256 | Lair:2   | Lost mutation: You are covered in fur. (AC +1) [potion of
                  | mutation]
 16256 | Lair:2   | Lost mutation: You have an increased reservoir of magic.
                  | (+10% MP) [potion of mutation]
 16256 | Lair:2   | Gained mutation: Your flesh is heat resistant. (rF+)
                  | [potion of mutation]
 16256 | Lair:2   | Gained mutation: You occasionally shout uncontrollably at
                  | your foes. [potion of mutation]
 16471 | Lair:2   | Found a staircase to the Swamp.
 16964 | Lair:2   | Reached XP level 13. HP: 95/123 MP: 12/12
 17315 | Lair:2   | Reached skill level 15 in Axes
 17445 | Lair:2   | Found the +8 whip "Snakebite" {venom, curare, rPois}
 18212 | Lair:3   | Got Sif Muna's Octavo of the Damned and the Summer
 18437 | Lair:3   | Found a staircase to the Snake Pit.
 18816 | Lair:4   | Noticed Josephine
 18820 | Lair:3   | Killed Josephine
 19036 | Lair:4   | Reached skill level 16 in Axes
 19907 | Lair:5   | Entered Level 5 of the Lair of Beasts
 19978 | Lair:5   | Found a runed translucent gate.
 19993 | Lair:5   | Reached skill level 1 in Throwing
 20005 | Lair:5   | Reached skill level 1 in Evocations
 20109 | Lair:5   | Reached skill level 15 in Armour
 20112 | Lair:5   | Noticed Rupert
 20384 | Lair:4   | Reached skill level 15 in Fighting
 20616 | Lair:5   | Found a viscous altar of Jiyva.
 20616 | Lair:5   | Found a staircase to the Slime Pits.
 20935 | Lair:5   | Reached XP level 14. HP: 111/135 MP: 13/13
 21107 | Lair:5   | Paralysed by Rupert for 4 turns
 21129 | Lair:5   | Found a runed translucent gate.
 21697 | Lair:5   | Slain by Rupert

Illustrated notes

Levels and vault maps discovered:
D:1:      dpeg_arrival_stone_temple_mockup, layout_rooms,
          shapermc_ecumenical_altar_notcrosses, corexii_leaking_fountain,
          st_stairs_3
D:2:      layout_rooms
D:3:      gammafunk_steamed_eel, layout_basic, amcnicky_altar_gilded,
          mainiacjoe_overflow_brackets, minivault_25, corexii_shack,
          uniq_crazy_yiuf_cottage
D:4:      layout_rooms, grunt_temple_overflow_order_and_chaos_2
D:5:      layout_loops_ring, general_overflow_altar,
          nicolae_shop_distant_corner_stores, minmay_circle_x
D:6:      layout_rooms, marbit_many_paths, uniq_sigmund
D:7:      layout_loops_cross, minmay_temple_entry_antechambers, serial_glass,
          glass_columns_a, glass_columns_a, kennysheep_generic_room_2,
          uniq_joseph, uniq_prince_ribbit1
D:8:      layout_basic, ebering_ghost_rock_garden, uniq_maurice
D:9:      layout_basic, grunt_temple_overflow_diamond, lair_entry_dummy,
          serial_park_tiny_1
D:10:     layout_loops_ring, mainiacjoe_overflow_alcove_4, enter_bailey_2,
          uniq_maggie
D:11:     layout_basic, enter_trove_3, uniq_urug
Temple:   hellmonk_temple_flake
Lair:1:   layout_loops_ring, serial_bayou_crossing, grunt_megastairs_1,
          uniq_nergalle
Lair:2:   minmay_guarded_unrand_snakebite, layout_loops_ring, swamp_mist
Lair:3:   layout_chaotic_city, dummy_snake_entry
Lair:4:   layout_gridlike, uniq_josephine
Lair:5:   evilmike_catoblepas_cave, layout_regular_city, slime_entry_1,
          maelrawn_ghost_gauntlet_escape, serial_bayou_shore_b, uniq_rupert

Skill      XL: |  1  2  3  4  5  6  7  8  9 10 11 12 13 14 |
---------------+-------------------------------------------+-----
Armour         | 4 5 6 8 9 10 12 13 15 | 15.5
Shields        | 4 5 6 8 9 10 12 | 12.3
Fighting       | 4 5 6 8 9 10 12 13 15 | 15.4
Axes           | 3 4 5 6 7 9 10 12 14 16 | 16.0
Throwing       | 3 |  3.0
Evocations     | 2 3 |  3.4

Action                     |  1- 3 |  4- 6 |  7- 9 | 10-12 | 13-15 || total
---------------------------+-------+-------+-------+-------+-------++-------
  Melee: War axe           |    77 |    11 |    93 |   442 |   177 ||   800
         Headbutt          |     6 |    14 |    32 |   100 |    53 ||   205
         Hand axe          |       |    73 |    70 |       |       ||   143
         Spear             |       |       |       |       |    38 ||    38
         Whip              |       |       |       |       |    27 ||    27
  Throw: Dart              |       |       |    10 |    31 |    16 ||    57
         Throwing net      |       |       |     2 |       |     1 ||     3
         Javelin           |       |       |       |       |    15 ||    15
 Invoke: Call Merchant     |       |       |       |     1 |       ||     1
         Potion Petition   |       |       |       |       |     1 ||     1
  Evoke: Wand              |       |       |     7 |     9 |     5 ||    21
         Lightning rod     |       |       |       |       |     6 ||     6
    Use: Scroll            |     3 |     6 |     7 |     9 |    13 ||    38
         Potion            |       |     2 |     7 |     7 |     4 ||    20
   Stab: Held in net/web   |       |       |     1 |       |       ||     1
         Paralysed         |       |       |       |     1 |     6 ||     7
         Invisible         |       |       |       |       |     4 ||     4
         Distracted        |       |       |       |       |     2 ||     2
 Armour: Scale mail        |    45 |    32 |       |       |       ||    77
         Chain mail        |       |    12 |    66 |       |       ||    78
         Plate armour      |       |       |    21 |   207 |    98 ||   326
  Dodge: Dodged            |    41 |    44 |    38 |   183 |   136 ||   442
  Block: Buckler           |    16 |    20 |    35 |   158 |    59 ||   288
